 Dungeon Crawl Stone Soup version 0.19-a0-1401-g902f63d (webtiles) character file.

4942 st0uf the Thaumaturge (level 10, 0/56 HPs)
             Began as a Gargoyle Earth Elementalist on Sept 4, 2016.
             Was a Priest of Vehumet.
             Slain by a yak (4 damage)
             ... on level 8 of the Dungeon.
             The game lasted 00:36:27 (7974 turns).

st0uf the Thaumaturge (Gargoyle Earth Elementalist) Turns: 7974, Time: 00:36:27

Health: 0/56       AC: 13    Str: 11    XL:     10   Next: 52%
Magic:  1/22       EV: 13    Int: 25    God:    Vehumet [***...]
Gold:   428        SH:  0    Dex: 10    Spells: 2 memorised, 22 levels left

rFire  . . .     SeeInvis .     L - +10 morningstar "Eos" {elec, Halo rElec}
rCold  . . .     Gourm    +     c - +0 robe
rNeg   + + .     Faith    .     (no shield)
rPois  ∞         Spirit   .     (no helmet)
rElec  +         Dismiss  .     (no cloak)
rCorr  .         Reflect  .     E - +2 pair of gloves
MR     .....     Harm     .     v - +0 pair of boots
Stlth  +.........               F - amulet of the gourmand
                                (no ring)
                                D - ring of positive energy

@: brilliant, glowing
A: negative energy resistance 1, electricity resistance, unbreathing,
petrification resistance, rot immunity, AC +7
a: Renounce Religion


You were on level 8 of the Dungeon.
You worshipped Vehumet.
Vehumet was most pleased with you.
You were completely stuffed.

You visited 2 branches of the dungeon, and saw 10 of its levels.

You collected 428 gold pieces.

Inventory:

Hand Weapons
 y - a +2 dagger of venom
 L - the +10 morningstar "Eos" (weapon) {elec, Halo rElec}
   (You found it on level 5 of the Dungeon)

   Occasionally, upon striking a foe, it will discharge some electrical energy
   and cause terrible harm.
   It insulates you from electricity.
Missiles
 b - 138 stones (quivered)
Armour
 c - a +0 robe (worn)
 l - a +2 large shield
 r - a +0 shield
 v - a +0 pair of boots (worn)
 E - a +2 pair of gloves (worn)
 M - the +9 plate armour of Miosiuh {rF+ Int+4}
   (You found it on level 6 of the Dungeon)

   It affects your intelligence (+4).
   It protects you from fire.
Jewellery
 z - an uncursed ring of ice
 D - a ring of positive energy (left hand)
 F - an amulet of the gourmand (around neck)
Scrolls
 f - 4 scrolls of remove curse {unknown}
 k - 2 scrolls of blinking {unknown}
 m - a scroll of magic mapping {unknown}
 n - 6 scrolls of teleportation {unknown}
 o - 8 scrolls of identify
 s - a scroll of immolation {unknown}
 u - a scroll of recharging {unknown}
 x - a scroll of enchant weapon {unknown}
 C - 3 scrolls of fear {unknown}
 G - a scroll of brand weapon {unknown}
 H - a scroll of amnesia {unknown}
 K - 3 scrolls of random uselessness {unknown}
 P - a scroll of silence {unknown}
Potions
 a - 5 potions of flight {unknown}
 g - a potion of magic {unknown}
 h - a potion of beneficial mutation {unknown}
 i - a potion of degeneration {unknown}
 j - 2 potions of brilliance
 q - a potion of heal wounds {unknown}
 A - 2 potions of haste {unknown}
 B - a potion of mutation {unknown}
 I - 2 potions of curing {unknown}
 J - a potion of ambrosia {unknown}
 N - a potion of cancellation {unknown}
Books
 e - a book of Geomancy

   Spells                             Type                      Level
   a - Sandblast                      Earth                        1
   b - Passwall                       Transmutation/Earth          2
   c - Stone Arrow                    Conjuration/Earth            3
   d - Petrify                        Transmutation/Earth          4
   e - Lee's Rapid Deconstruction     Earth                        5
 w - a book of Clouds

   Spells                             Type                      Level
   a - Mephitic Cloud                 Conjuration/Poison/Air       3
   b - Conjure Flame                  Conjuration/Fire             3
   c - Poisonous Cloud                Conjuration/Poison/Air       6
   d - Freezing Cloud                 Conjuration/Ice/Air          6
   e - Ring of Flames                 Charms/Fire                  7
 Q - a book of Maledictions

   Spells                             Type                      Level
   a - Corona                         Hexes                        1
   b - Ensorcelled Hibernation        Hexes/Ice                    2
   c - Confuse                        Hexes                        3
   d - Tukima's Dance                 Hexes                        3
   e - Dazzling Spray                 Conjuration/Hexes            3
Comestibles
 d - 8 bread rations
 p - 10 slices of pizza
 t - 5 meat rations
 O - 3 fruits


   Skills:
 + Level 4.0 Fighting
 + Level 3.8 Maces & Flails
 + Level 3.8 Armour
 + Level 3.5 Dodging
 - Level 2.1 Stealth
 + Level 4.3 Shields
 * Level 8.6 Spellcasting
 + Level 6.1 Conjurations
   Level 0.7 Transmutations
 + Level 8.1 Earth Magic


You had 22 spell levels left.
You knew the following spells:

 Your Spells              Type           Power        Failure   Level  Hunger
a - Sandblast             Erth           ######       1%          1    None
b - Stone Arrow           Conj/Erth      ######       1%          3    None


Dungeon Overview and Level Annotations

Branches:
Dungeon (9/15)             Temple (1/1) D:4
   Lair: D:8-11         Orc: D:9-12

Altars:
Ashenzari
Cheibriados
Dithmenos
Elyvilon
Fedhas
Gozag
Hepliaklqana
Kikubaaqudgha
Makhleb
Nemelex Xobeh
Okawaru
Qazlal
Ru
Sif Muna
Trog
Uskayaw
Vehumet
Xom
Yredelemnul
Zin
The Shining One

Annotations:
D:7 WereVolvo's ghost, novice DrCj


Innate Abilities, Weirdness & Mutations

You are resistant to torment.
Your stone body is resilient. (AC +7)
You are immune to poison.
You resist negative energy. (rN+)
You are resistant to electric shocks. (rElec)
You can survive without breathing.
You are immune to petrification.
You are immune to rotting.


Message History

You hit the worker ant but do no damage.
There is a sudden explosion of sparks!
You kill the worker ant!
Vehumet accepts your kill. The yak gores you.
* * * LOW HITPOINT WARNING * * *
The yak gores you!
* * * LOW HITPOINT WARNING * * *
It was a potion of brilliance.
You feel clever all of a sudden. The yak gores you but does no damage.
Casting: Stone Arrow
Confirm with . or Enter, or press ? or * to list all spells.
Aiming: Stone Arrow
Press: ? - help, Shift-Dir - straight line, f - yak
Aim: a yak (moderately wounded, haloed)
The stone arrow hits the yak.
The yak is heavily wounded.
The yak gores you.
You die...

#...'.....#.................
#..(#.....'.................
#...#.....#.................
######...##....###......##..
#...#######....###......##..
#...............'...........
#.>.............#...........
#.<.............#...........
#...####.##@##+#######'#####
#...####.##Y#..............#
#......#...Y#..............#
#......#....'....).........#
#......#....#..............#
###'######'###..............#
#..............###'##+###....
#..............#.÷......#....
#..............#........#....


You could see 2 yaks.

Vanquished Creatures
  Psyche (D:8)
  Grinder (D:4)
  Prince Ribbit (D:5)
  9 yaks
  Eustachio (D:4)
  A wyvern (D:9)
  A human (D:8)
  A hippogriff (D:8)
  The ghost of Ruebezahl the Skirmisher, an amateur DsCK of Xom (D:4)
  A hungry ghost (D:8)
  3 sky beasts
  An orc warrior (D:8)
  A phantom (D:5)
  A centaur (D:6)
  2 ogres
  A gnoll sergeant (D:8)
  2 giant frogs
  A water moccasin zombie (D:9)
  3 killer bees (D:8)
  A centaur zombie (D:5)
  2 crimson imps (D:7)
  2 hounds
  4 orc priests
  A giant frog zombie (D:9)
  2 jellies
  3 orc wizards
  3 iguanas
  Ijyb (D:3)
  8 worker ants
  A howler monkey zombie (D:3)
  A worker ant zombie (D:3)
  4 gnolls (D:8)
  11 adders
  A howler monkey skeleton (D:6)
  A shadow imp (D:8)
  An ooze (D:1)
  An adder zombie (D:7)
  An adder skeleton (D:3)
  A worm (D:2)
  8 giant geckos
  8 orcs
  11 giant cockroaches
  3 goblins
  6 hobgoblins
  8 jackals
  A kobold (D:2)
  6 quokkas
  3 ball pythons
  A ball python zombie (D:3)
  5 bats
  2 giant gecko skeletons (D:5)
  A giant gecko zombie (D:3)
  4 giant newts
  A jackal skeleton (D:3)
  A quokka skeleton (D:7)
  A quokka zombie (D:7)
  6 rats
159 creatures vanquished.

Notes
Turn   | Place    | Note
-------+----------+-------------------------------------------
     0 | D:1      | st0uf the Gargoyle Earth Elementalist began the quest for the Orb.
     0 | D:1      | Reached XP level 1. HP: 10/10 MP: 3/3
   247 | D:1      | Reached XP level 2. HP: 14/15 MP: 1/5
   633 | D:2      | Found a shattered altar of Ashenzari.
   822 | D:2      | Reached XP level 3. HP: 19/19 MP: 4/7
   951 | D:2      | Found a glowing silver altar of Zin.
  1198 | D:2      | Learned a level 3 spell: Stone Arrow
  1278 | D:3      | Reached XP level 4. HP: 24/24 MP: 8/8
  1715 | D:3      | Noticed Ijyb
  1809 | D:3      | Killed Ijyb
  1809 | D:3      | Reached skill level 1 in Conjurations
  1809 | D:3      | Reached XP level 5. HP: 20/28 MP: 1/10
  2636 | D:4      | Reached skill level 5 in Earth Magic
  2672 | D:4      | Found a staircase to the Ecumenical Temple.
  2674 | D:4      | Noticed Grinder
  2675 | D:4      | Paralysed by Grinder for 7 turns
  2693 | D:4      | Paralysed by Grinder for 3 turns
  2704 | D:4      | Killed Grinder
  2704 | D:4      | Reached skill level 5 in Spellcasting
  2704 | D:4      | Reached XP level 6. HP: 26/32 MP: 3/13
  2726 | D:4      | Noticed Ruebezahl's ghost (amateur DsCK)
  2737 | Temple   | Entered the Ecumenical Temple
  2784 | Temple   | Became a worshipper of Vehumet
  2864 | D:4      | Found a snail-covered altar of Cheibriados.
  2930 | D:4      | Noticed Eustachio
  2942 | D:4      | Killed Eustachio
  2942 | D:4      | Reached XP level 7. HP: 36/36 MP: 9/15
  3467 | D:4      | Killed Ruebezahl's ghost
  3584 | D:5      | Entered Level 5 of the Dungeon
  3874 | D:5      | Found Weotuad's Magic Scroll Boutique.
  3917 | D:5      | Found a sparkling altar of Nemelex Xobeh.
  4083 | D:5      | Reached XP level 8. HP: 39/41 MP: 17/17
  4124 | D:5      | Noticed Prince Ribbit
  4130 | D:5      | Killed Prince Ribbit
  4154 | D:5      | Found a hide-covered altar of Uskayaw.
  4285 | D:5      | Reached * piety under Vehumet
  4285 | D:5      | Offered knowledge of Sting by Vehumet.
  4668 | D:5      | Reached skill level 1 in Maces & Flails
  4672 | D:5      | Found a shimmering altar of Xom.
  4672 | D:5      | Found a bloodstained altar of Trog.
  4675 | D:5      | Found a blossoming altar of Fedhas.
  4940 | D:6      | Reached skill level 1 in Fighting
  4962 | D:6      | Found a basalt altar of Yredelemnul.
  5258 | D:6      | Reached skill level 1 in Shields
  5449 | D:6      | Got an encrusted plate armour
  5450 | D:6      | Identified the +9 plate armour of Miosiuh {rF+ Int+4} (You found it on level 6 of the Dungeon)
  5532 | D:7      | Reached skill level 1 in Armour
  5580 | D:7      | Noticed WereVolvo's ghost (novice DrCj)
  6026 | D:7      | Reached skill level 5 in Conjurations
  6026 | D:7      | Reached XP level 9. HP: 42/48 MP: 19/19
  6066 | D:7      | Reached ** piety under Vehumet
  6180 | D:8      | Offered knowledge of Magic Dart by Vehumet.
  6225 | D:8      | Found an opulent altar of Gozag.
  6343 | D:8      | Found a stormy altar of Qazlal.
  6599 | D:8      | Noticed Psyche
  6610 | D:8      | Killed Psyche
  6974 | D:8      | Reached XP level 10. HP: 56/56 MP: 20/22
  7151 | D:8      | Offered knowledge of Throw Flame by Vehumet.
  7566 | D:9      | Found a shimmering altar of Xom.
  7652 | D:9      | Found a shimmering altar of Xom.
  7655 | D:9      | Found a shimmering altar of Xom.
  7658 | D:9      | Found a shimmering altar of Xom.
  7746 | D:9      | Reached *** piety under Vehumet
  7974 | D:8      | Slain by a yak

Vault maps used:
D:1:      ncdulo_watergridlock
D:2:      zin_academy, first_bread, evilmike_ruin_ashenzari
D:3:      serial_undead, serial_undead_b, serial_undead_f, serial_undead_a,
          serial_undead_e, serial_undead_b, grunt_decor_mini_mirrors,
          roderic_lattice_a, grunt_decor_clamped, kennysheep_generic_room_6,
          uniq_iyjb
D:4:      cheibriados_altar_1, uniq_eustachio, uniq_grinder
D:5:      kennysheep_mini, lemuel_doored_altar, minitemple, serial_shops, shop,
          uniq_prince_ribbit1
D:6:      yredelemnul_altar_generic
D:8:      grunt_gozag_statues, marbit_many_paths, grunt_pizzeria, uniq_psyche
D:9:      erik_orc_1, basic_altar, xom_redecorated
Temple:   nicolae_temple_god_jail

Skill      XL: |  1  2  3  4  5  6  7  8  9 10 |
---------------+-------------------------------+-----
Earth Magic    | 4 5 6 7 8 |  8.1
Spellcasting   | 3 5 6 7 8 |  8.6
Conjurations   | 1 2 3 5 6 |  6.1
Maces & Flails | 2 3 |  3.8
Fighting       | 1 3 4 |  4.0
Shields        | 1 3 4 |  4.3
Armour         | 1 3 |  3.8
Dodging        | 2 3 |  3.5
Stealth        | |  2.1
Transmutations | |  0.7

Action                   |  1- 3 |  4- 6 |  7- 9 | 10-12 || total
-------------------------+-------+-------+-------+-------++-------
Melee: Dagger            |    28 |    72 |    32 |    20 ||   152
       Unarmed           |       |       |     2 |       ||     2
       Morningstar       |       |       |   110 |    66 ||   176
 Cast: Sandblast         |    10 |    23 |    60 |       ||    93
       Stone Arrow       |       |     3 |    15 |    12 ||    30
  Use: Scroll            |       |       |     1 |       ||     1
       Potion            |       |       |       |     1 ||     1
 Stab: Sleeping          |     1 |     1 |       |       ||     2
  Eat: Chunk             |     1 |     7 |    26 |     3 ||    37
Armor: Robe              |     9 |    32 |    77 |    67 ||   185
       Skin              |       |       |     1 |       ||     1
Dodge: Dodged            |    19 |    61 |   104 |    91 ||   275
